 Dungeon Crawl Stone Soup version 0.17-a0-2098-gf59d6bc (webtiles) character file.

256 brucemayne the Cleaver (level 6, -1/51 HPs)
             Began as a Hill Orc Berserker on Oct 17, 2015.
             Was a Follower of Trog.
             Slain by brucemayne's ghost (6 damage)
             ... on level 4 of the Dungeon.
             The game lasted 00:03:48 (693 turns).

brucemayne the Cleaver (Hill Orc Berserker)          Turns: 693, Time: 00:03:49

Health: -1/51      AC:  8    Str: 21    XL:     6   Next: 16%
Magic:  6/6        EV:  8    Int:  8    God:    Trog [*.....]
Gold:   93         SH:  0    Dex: 10    Spells: 0 memorised, 5 levels left

rFire  . . .     SeeInvis +     r - +0 war axe
rCold  . . .     Clarity  .     d - +0 chain mail
rNeg   + . .     SustAt   .     (no shield)
rPois  .         Gourm    .     (no helmet)
rElec  .         Spirit   .     (no cloak)
rCorr  .         Warding  +     (no gloves)
rMut   .         Stasis   .     (no boots)
MR     .....                    q - amulet of warding
Stlth  ..........               (no ring)
                                h - ring of see invisible

@: exhausted, slowed, very slow, not resistant to hostile enchantments,
extremely unstealthy
A: no striking features
a: Burn Spellbooks, Berserk, Renounce Religion


You were on level 4 of the Dungeon.
You worshipped Trog.
Trog was aware of your devotion.
You were hungry.

You visited 1 branch of the dungeon, and saw 5 of its levels.

You collected 93 gold pieces.

Inventory:

Hand Weapons
 a - a +0 hand axe
 r - a +0 war axe (weapon)
Armour
 b - a +0 animal skin
 d - a +0 chain mail (worn)
 e - a +0 leather armour
Jewellery
 h - a ring of see invisible (left hand)
 q - an amulet of warding (around neck)
Scrolls
 i - a scroll of enchant weapon {unknown}
 k - 2 scrolls of enchant armour {unknown}
 l - a scroll of identify {unknown}
 n - a scroll of teleportation {unknown}
Potions
 f - a potion of might
 m - a potion of curing
Comestibles
 c - a bread ration
 g - 3 fruits


   Skills:
 - Level 3.6 Fighting
 + Level 8.7 Axes
 - Level 2.1 Armour
 - Level 1.5 Dodging
 + Level 0.6 Stealth


You had 5 spell levels left.
You didn't know any spells.

Dungeon Overview and Level Annotations

Branches:
Dungeon (5/15)
 Temple: D:4-7

Altars:
Xom

Annotations:
D:4 brucemayne's ghost, novice HOBe


Message History

Brucemayne's ghost hits you.
* * * LOW HITPOINT WARNING * * *
You hit brucemayne's ghost but do no damage.
Brucemayne's ghost is almost destroyed.
Unknown command.
Unknown command.
You hit brucemayne's ghost but do no damage.
Brucemayne's ghost is almost destroyed.
Brucemayne's ghost hits you but does no damage.
You closely miss brucemayne's ghost.
Brucemayne's ghost is almost destroyed.
Brucemayne's ghost hits you but does no damage.
You closely miss brucemayne's ghost.
Brucemayne's ghost is almost destroyed.
You are no longer berserk.
You are exhausted.
You feel yourself slow down.
You are feeling hungry.
Brucemayne's ghost hits you.
You die...

..$.....## ..
.........# ...
.........# ...?
#.......# #....
#.......###....
##.......#...#
#......>...#
#......##..##
#....<@###..##
#.....[W.##..##
#....>##.###..###
#.....##........#
#......[....#####
#.####[####....#######
... #.[.#####..$>...#
### ###..)## #.....#
########).# #.....#


You could see brucemayne's ghost.

Vanquished Creatures
  An ogre (D:4)
  2 orc priests (D:4)
  Jessica (D:2)
  An orc wizard (D:4)
  A hound skeleton (D:4)
  2 adders (D:2)
  2 giant geckos
  4 orcs (D:4)
  2 ball pythons
  A giant cockroach (D:2)
  2 hobgoblins
  3 jackals (D:2)
  A kobold (D:1)
  A quokka (D:2)
  2 bats
  A giant newt (D:2)
  2 goblins
  2 rats
31 creatures vanquished.

Notes
Turn   | Place    | Note
--------------------------------------------------------------
     0 | D:1      | brucemayne the Hill Orc Berserker began the quest for the Orb.
     0 | D:1      | Reached XP level 1. HP: 19/19 MP: 1/1
    70 | D:2      | Found a shimmering altar of Xom.
    98 | D:2      | Reached XP level 2. HP: 26/26 MP: 2/2
   101 | D:2      | Reached skill level 5 in Axes
   219 | D:2      | Reached XP level 3. HP: 25/31 MP: 3/3
   475 | D:2      | Noticed Jessica
   479 | D:2      | Killed Jessica
   479 | D:2      | Reached skill level 6 in Axes
   479 | D:2      | Reached XP level 4. HP: 39/39 MP: 4/4
   552 | D:4      | Noticed an ogre
   567 | D:4      | Reached skill level 7 in Axes
   567 | D:4      | Reached XP level 5. HP: 45/45 MP: 5/5
   571 | D:4      | Killed an ogre
   571 | D:4      | Reached skill level 8 in Axes
   575 | D:4      | Reached ** piety under Trog
   597 | D:4      | Reached XP level 6. HP: 6/51 MP: 6/6
   648 | D:5      | Entered Level 5 of the Dungeon
   655 | D:4      | Noticed brucemayne's ghost (novice HOBe)
   693 | D:4      | Slain by brucemayne's ghost

Vault maps used:
D:1:      minmay_arrival_three_doors
D:2:      first_bread, xom_teletrap_fun, uniq_jessica
D:3:      cheibriados_altar_wand_db, lemuel_crystal_altar, ecumenical_altar_2,
          serial_park_tiny_2, kennysheep_generic_room_3, uniq_grinder
D:4:      enter_ossuary_2, uniq_robin
D:5:      nicolae_overflow_crystal_walls, grunt_temple_overflow_cloverleaf,
          nicolae_overflow_hidden_temple, uniq_prince_ribbit1, uniq_duvessa,
          uniq_pikel

Action                   |  1- 3 |  4- 6 || total
-------------------------+-------+-------++-------
Melee: Hand axe          |    45 |    21 ||    66
       War axe           |       |    38 ||    38
Invok: Berserk           |     2 |     2 ||     4
       Trog's Hand       |       |     2 ||     2
  Use: Potion            |       |     6 ||     6
 Stab: Sleeping          |     1 |       ||     1
  Eat: Chunk             |       |     3 ||     3
